 Dungeon Crawl Stone Soup version 0.17.0-7-gfadd4cc (webtiles) character file.

218 MDvedh the Poker (level 6, -2/44 HPs)
             Began as a Formicid Hunter on Nov 8, 2015.
             Slain by septik's ghost (6 damage)
             ... on level 4 of the Dungeon.
             The game lasted 00:06:46 (4577 turns).

MDvedh the Poker (Formicid Hunter)                  Turns: 4577, Time: 00:06:46

Health: -2/44      AC: 10    Str: 24    XL:     6   Next: 17%
Magic:  6/6        EV: 14    Int: 10    God:
Gold:   207        SH:  0    Dex: 16    Spells: 0 memorised, 5 levels left

rFire  . . .     SeeInvis +     i - +0 spear
rCold  . . .     Clarity  .     w - +0 chain mail
rNeg   . . .     SustAt   .     (no shield)
rPois  .         Gourm    .     (helmet unavailable)
rElec  .         Spirit   .     x - +0 cloak
rCorr  .         Warding  .     (no gloves)
rMut   .         Stasis   +     y - +0 pair of boots
MR     .....                    (no amulet)
Stlth  ..........               (no ring)
                                (no ring)

@: mighty, agile, flying, not resistant to hostile enchantments, extremely
unstealthy
A: permanent stasis, dig shafts and tunnels, four strong arms, antennae 3
a: Dig, Shaft Self


You were on level 4 of the Dungeon.
You were full.

You visited 1 branch of the dungeon, and saw 4 of its levels.

You collected 207 gold pieces.

Inventory:

Hand Weapons
 i - a +0 spear (weapon)
Missiles
 a - 21 javelins (quivered)
 b - 2 throwing nets
Armour
 w - a +0 chain mail (worn)
 x - a +0 cloak (worn)
 y - a +0 pair of boots (worn)
Scrolls
 f - 6 scrolls of identify {unknown}
 g - 3 scrolls of noise {unknown}
 h - a scroll of magic mapping {unknown}
 j - 3 scrolls of blinking {unknown}
 k - a scroll of recharging {unknown}
 p - 3 scrolls of fog {unknown}
 s - 5 scrolls of remove curse {unknown}
 t - a scroll of enchant weapon {unknown}
 u - 2 scrolls of amnesia {unknown}
 z - a scroll of teleportation {unknown}
Potions
 m - 2 potions of brilliance
 n - a potion of agility
Comestibles
 c - a chunk of flesh
 e - 3 bread rations
 o - a slice of pizza
 r - 3 fruits
 v - 2 meat rations
 A - a beef jerky


   Skills:
 - Level 2.2 Fighting
 + Level 5.3 Polearms
 - Level 3.3 Throwing
 - Level 1.8 Dodging
 - Level 1.2 Stealth


You had 5 spell levels left.
You didn't know any spells.

Dungeon Overview and Level Annotations

Branches:
Dungeon (4/15)
 Temple: D:4-7

Altars:
Yredelemnul

Annotations:
D:3 Sigmund
D:4 septik's ghost, amateur OpTm


Innate Abilities, Weirdness & Mutations

You are under a permanent stasis effect.
You can dig through walls and to a lower floor.
Your four strong arms can wield two-handed weapons with a shield.
You have a pair of large antennae on your head (SInv).


Message History

Septik's ghost barely misses you.
Your chain mail prevents you from hitting septik's ghost.
Septik's ghost is heavily damaged.
Septik's ghost hits you but does no damage.
Unknown command.
There is an open door here.
You closely miss septik's ghost.
Septik's ghost is heavily damaged.
Drink which item? (? for menu, Esc to quit)
It was a potion of agility.
You feel agile all of a sudden. Septik's ghost barely misses you.
Drink which item? (? for menu, Esc to quit)
It was a potion of cure mutation.
It has a very clean taste.
Septik's ghost hits you but does no damage.
Unknown command.
You puncture septik's ghost!
Septik's ghost is severely damaged.
Septik's ghost hits you.
You die...

....#..###...# ..###
...##..###...#
...#.........#
...#.........#
†..#.........#
...######...## #
..... ###...###+###.#
...>..#.....>#..#...#
......+......#..@...#
......#####'##.W###.#
#............#..#####
.........'........#
.........#........+
.........#######'##
#####..............
#..............
#..............


You could see septik's ghost.

Vanquished Creatures
  A giant frog (D:4)
  An orc priest (D:3)
  3 adders
  An ooze (D:2)
  7 worms
  3 giant geckos
  5 orcs
  6 giant cockroaches
  8 goblins
  3 hobgoblins
  8 kobolds
  9 bats
  4 giant newts
  7 jackals
  9 rats
75 creatures vanquished.

Notes
Turn   | Place    | Note
--------------------------------------------------------------
     0 | D:1      | MDvedh the Formicid Hunter began the quest for the Orb.
     0 | D:1      | Reached XP level 1. HP: 16/16 MP: 1/1
   524 | D:1      | Reached skill level 1 in Polearms
   524 | D:1      | Reached XP level 2. HP: 22/22 MP: 2/2
  1193 | D:1      | Reached XP level 3. HP: 27/27 MP: 3/3
  1653 | D:2      | Reached XP level 4. HP: 23/33 MP: 4/4
  3209 | D:3      | Found a basalt altar of Yredelemnul.
  3671 | D:2      | Reached skill level 4 in Polearms
  3671 | D:2      | Reached XP level 5. HP: 36/38 MP: 5/5
  4246 | D:3      | Noticed Sigmund
  4334 | D:4      | Noticed a hippogriff
  4509 | D:4      | Reached skill level 5 in Polearms
  4509 | D:4      | Reached XP level 6. HP: 28/44 MP: 6/6
  4535 | D:4      | Noticed septik's ghost (amateur OpTm)
  4577 | D:4      | Slain by septik's ghost

Action                   |  1- 3 |  4- 6 || total
-------------------------+-------+-------++-------
Melee: Spear             |   122 |   280 ||   402
       Short sword       |     9 |       ||     9
Throw: Javelin           |     5 |       ||     5
  Use: Potion            |       |     5 ||     5
 Stab: Sleeping          |     1 |     2 ||     3
       Distracted        |       |     1 ||     1
  Eat: Chunk             |     2 |    10 ||    12
       Bread ration      |       |     1 ||     1
